 Dungeon Crawl Stone Soup version 0.20.0-15-g7f486f2 (webtiles) character file.

97224 renl the Severer (level 16, -5/106 HPs)
             Began as a Gargoyle Monk on July 1, 2017.
             Was the Champion of Qazlal.
             Slain by a wolf spider (22 damage)
             ... on level 4 of the Lair of Beasts on July 2, 2017.
             The game lasted 02:33:22 (20929 turns).

renl the Severer (Gargoyle Monk)                   Turns: 20929, Time: 02:33:22

Health: -5/106     AC: 36    Str: 24    XL:     16   Next: 19%
Magic:  16/16      EV: 13    Int: 10    God:    Qazlal [******]
Gold:   2850       SH: 16    Dex:  8    Spells: 15/15 levels left

rFire    . . .     SeeInvis .   a - +2 battleaxe (freeze)
rCold    . . .     Gourm    .   (shield currently unavailable)
rNeg     + . .     Faith    .   H - +2 chain mail "Xueti" {+Fly Str+3 Dex-4}
rPois    ∞         Spirit   .   (no helmet)
rElec    +         Reflect  +   f - +2 cloak
rCorr    .         Harm     .   N - +1 pair of gloves
MR       +....     Rnd*Rage +   e - +1 pair of boots {Stlth+}
Stlth    ..........             T - brooch of Shielding {Reflect SH+8}
Regen    0.3/turn               h - +4 ring of evasion
MPRegen  0.2/turn               d - +2 ring of slaying

@: protected from physical damage, repel missiles
A: big wings, berserk 1, dopey 1, negative energy resistance 1, electricity
resistance, unbreathing, petrification resistance, rot immunity, AC +11
a: Fly, Upheaval, Elemental Force, Disaster Area, Renounce Religion, Evoke
Flight


You were on level 4 of the Lair of Beasts.
You worshipped Qazlal.
Qazlal was exalted by your worship.
You were not hungry.

You visited 5 branches of the dungeon, and saw 23 of its levels.
You also visited: Labyrinth and Ice Cave.

You collected 2850 gold pieces.

Inventory:

Hand Weapons
 a - a +2 battleaxe of freezing (weapon)
 b - a +1 war axe of flaming
Armour
 e - a +1 pair of boots of stealth (worn)
 f - a +2 cloak (worn)
 H - the +2 chain mail "Xueti" (worn) {+Fly Str+3 Dex-4}
   (You found it on level 6 of the Dungeon)

   It affects your strength (+3).
   It affects your dexterity (-4).
   It lets you fly.
 N - a +1 pair of gloves (worn)
Jewellery
 d - a +2 ring of slaying (right hand)
 h - a +4 ring of evasion (left hand)
 A - an uncursed ring of protection from fire
 R - an uncursed ring of protection from magic
 T - the brooch of Shielding (around neck) {Reflect SH+8}
   (You took it off an orc warlord on level 2 of the Orcish Mines)

   [amulet of reflection]

   It shields you and reflects attacks.
   It affects your SH (+8).
 Z - an uncursed ring of protection from cold
Wands
 k - a wand of confusion (23/48)
 B - a wand of enslavement (9/24)
 P - a wand of polymorph (11/24)
 Q - a wand of digging (8/24)
Scrolls
 q - 3 scrolls of blinking
 r - 7 scrolls of teleportation
 y - a scroll of fear
 F - 7 scrolls of identify
 J - 4 scrolls of magic mapping
 X - a scroll of remove curse
Potions
 i - a potion of resistance
 s - 10 potions of curing
 t - a potion of heal wounds
 w - 6 potions of agility
 x - 2 potions of haste
Miscellaneous
 l - a phial of floods
 n - a lamp of fire
Comestibles
 c - 10 bread rations


   Skills:
 + Level 14.1 Fighting
 + Level 19.9 Axes
 + Level 11.1 Armour
 - Level 2.4 Dodging
 - Level 2.1 Stealth
 + Level 0.9 Invocations
 + Level 0.6 Evocations


You had 15 spell levels left.
You didn't know any spells.

Dungeon Overview and Level Annotations

Branches:
Dungeon (13/15)            Temple (1/1) D:4            Lair (6/6) D:9
  Swamp (0/4) Lair:3       Spider (1/4) Lair:4        Slime (0/5) Lair:6
    Orc (2/2) D:12            Elf (0/3) Orc:2
 Vaults: D:13-14

Altars:
Ashenzari
Cheibriados
Dithmenos
Elyvilon
Fedhas
Hepliaklqana
Nemelex Xobeh
Okawaru
Qazlal
Ru
Sif Muna
Trog
Zin
Jiyva

Shops:
D:11 }%   Orc:2 **(:

Portals:
Pandemonium: Orc:2

Annotations:
Spider:1 KKCryptic's ghost, journeyman MiBe; Kirke


Innate Abilities, Weirdness & Mutations

You are resistant to torment.
Your stone body is resilient. (AC +11)
You are immune to poison.
Your large and strong wings let you fly indefinitely.
You resist negative energy. (rN+)
You are resistant to electric shocks. (rElec)
You can survive without breathing.
You are immune to petrification.
You are immune to rotting.
You tend to lose your temper in combat.
You are dopey. (Int -2)


Message History

The wolf spider bites you but does no damage.
The jumping spider closely misses you.
The jumping spider bites you but does no damage.
The hog closely misses you. You block the wolf spider's attack.
The wolf spider closely misses you. The tarantella barely misses you.
You barely miss the tarantella.
The tarantella is almost dead.
You barely miss the wolf spider. You slice the wolf spider!!
You freeze the wolf spider.
You kill the wolf spider!
Qazlal accepts your kill.
You closely miss the hog. You slice the jumping spider!!
You freeze the jumping spider.
You kill the jumping spider!
Qazlal accepts your kill.
The wolf spider hits you but does no damage.
You block the wolf spider's attack. You block the hog's attack.
The tarantella bites you but does no damage.
The wolf spider hits you!!
You die...

.........## #....P.#
.........# ##.#...#
.........# ###...####
.........# ######^...^#
#.#.P....# #..^.###..##
####P....# #..^.....#.#
##...P#### #§§§≈......# ##
#P..####.####ss≈≈#.....#
.###P.#.###...#†@†≈≈...#.##
..........#P..##.h§≈##..#.#
..............##'≈§.###...#
..............##..........#
..............##....###..##
..........##...#####^#.^.#
######.###.......#.#^...##
# ### #####PP........#
#####.#.#.##


You could see a wolf spider (berserk), a hog (berserk) and a tarantella.

Vanquished Creatures
  A frost giant (IceCv)
  2 orc warlords (Orc:2)
  Nessos (Lair:6)
  An ettin (Orc:1)
  A minotaur (Lab)
  Harold (D:12)
  The ghost of howech the Severer, a journeyman DDFi of Makhleb (D:10)
  3 hydras
  6 death yaks (Lair:6)
  5 two-headed ogres
  The ghost of Godling the Covert, a novice DgAs (Lair:1)
  7 orc high priests (Orc:2)
  Urug (D:11)
  2 soul eaters (Orc:2)
  Nergalle (Orc:1)
  A sixfirhy (Orc:2)
  The ghost of sscrono2 the Covert, a novice OpAs (D:8)
  A gelid demonspawn (Orc:2)
  A lindwurm (Lair:5)
  2 torturous demonspawn (Orc:2)
  2 orb spiders
  2 ugly things
  14 orc knights
  2 wolf spiders
  10 orc sorcerers
  A manticore (D:11)
  An oklob plant (Lair:3)
  2 cyclopes
  A centaur zombie (D:11)
  8 black mambas
  An ice statue (IceCv)
  9 elephants
  A guardian serpent (Lair:6)
  An orange demon (Orc:2)
  14 spiny frogs
  3 rime drakes
  9 komodo dragons
  2 red devils (Orc:2)
  A queen bee (D:8)
  7 trolls
  4 hornets
  3 jumping spiders
  A minotaur zombie (Lab)
  19 blink frogs
  10 polar bears (IceCv)
  A tyrant leech (Lair:3)
  Grinder (D:3)
  9 hippogriffs
  A wraith (D:10)
  5 redbacks
  A shadow (D:12)
  2 tarantellas (Spider:1)
  14 wyverns
  2 hogs
  2 vampires
  2 hungry ghosts
  54 yaks
  A basilisk (Lair:2)
  3 vampire mosquitoes (D:12)
  4 wargs
  3 swamp worms (Lair:3)
  14 water moccasins
  2 acid dragons
  58 orc warriors
  6 porcupines
  3 sky beasts
  2 black bears
  An ice beast (D:9)
  An eye of draining (D:9)
  14 ogres
  5 phantoms
  4 centaurs
  11 wolves (IceCv)
  9 crocodiles
  3 big kobolds
  17 bullfrogs
  Blork the orc (D:5)
  2 gnoll sergeants
  A wyvern skeleton (D:10)
  23 killer bees
  6 wights
  A howler monkey (D:5)
  An electric eel (Lair:2)
  5 crimson imps
  A centaur skeleton (D:5)
  A bullfrog skeleton (D:5)
  A bullfrog zombie (D:12)
  4 jellies
  39 orc priests
  4 hounds
  Crazy Yiuf (D:5)
  Jessica (D:2)
  4 iguanas
  29 orc wizards
  8 worker ants
  Terence (D:3)
  2 killer bee zombies
  A hound zombie (D:8)
  A worker ant zombie (D:11)
  15 gnolls
  13 adders
  7 shadow imps
  3 oozes (Lair:6)
  4 worms
  3 dart slugs
  9 leopard geckos
  121 orcs
  2 ball pythons (D:3)
  2 giant cockroaches
  8 hobgoblins
  9 jackals
  7 quokkas
  8 bats
  6 frilled lizards
  6 goblins
  25 kobolds
  A quokka skeleton (D:6)
  A quokka zombie (D:7)
  6 rats
  3 fungi
  8 plants
828 creatures vanquished.

Vanquished Creatures (collateral kills)
  A plant (Lair:5)
1 creature vanquished.

Vanquished Creatures (others)
  A death yak (IceCv)
  A polar bear (IceCv)
  2 yaks (IceCv)
  4 wolves (IceCv)
  2 orc wizards (Orc:2)
  A worker ant (D:12)
  A dart slug (D:3)
  7 fungi
  14 plants
33 creatures vanquished.

Grand Total: 862 creatures vanquished

Notes
Turn   | Place    | Note
-------+----------+-------------------------------------------
     0 | D:1      | renl the Gargoyle Monk began the quest for the Orb.
     0 | D:1      | Reached XP level 1. HP: 14/14 MP: 1/1
    69 | D:1      | Reached XP level 2. HP: 6/19 MP: 2/2
   299 | D:1      | Reached skill level 3 in Axes
   913 | D:1      | Reached XP level 3. HP: 24/24 MP: 3/3
   950 | D:2      | Noticed Jessica
   962 | D:2      | Killed Jessica
  1116 | D:2      | Reached XP level 4. HP: 28/29 MP: 4/4
  1194 | D:2      | Found a faded altar of an unknown god.
  1274 | D:2      | Reached skill level 4 in Axes
  1324 | D:2      | Became a worshipper of Qazlal Stormbringer
  1324 | D:2      | Reached * piety under Qazlal
  1324 | D:2      | Reached ** piety under Qazlal
  1604 | D:2      | Reached *** piety under Qazlal
  1960 | D:3      | Reached XP level 5. HP: 30/33 MP: 5/5
  2025 | D:3      | Noticed Grinder
  2075 | D:3      | Killed Grinder
  2075 | D:3      | Reached skill level 5 in Axes
  2075 | D:3      | Reached skill level 1 in Armour
  2075 | D:3      | Reached XP level 6. HP: 16/39 MP: 6/6
  2287 | D:3      | Found a sparkling altar of Nemelex Xobeh.
  2513 | D:3      | Noticed Terence
  2520 | D:3      | Killed Terence
  2543 | D:3      | Reached skill level 6 in Axes
  2587 | D:3      | Found an iron altar of Okawaru.
  2665 | D:4      | Reached XP level 7. HP: 37/44 MP: 7/7
  3057 | D:4      | Reached **** piety under Qazlal
  3345 | D:4      | Reached skill level 7 in Axes
  3359 | D:4      | Found a white marble altar of Elyvilon.
  3390 | D:4      | Found a snail-covered altar of Cheibriados.
  3417 | D:4      | Found an iron altar of Okawaru.
  3508 | D:4      | Found a staircase to the Ecumenical Temple.
  3719 | D:4      | Reached skill level 5 in Fighting
  3719 | D:4      | Reached XP level 8. HP: 49/49 MP: 8/8
  3764 | D:5      | Entered Level 5 of the Dungeon
  3767 | D:5      | Noticed Blork the orc
  3779 | D:5      | Killed Blork the orc
  3877 | D:5      | Reached skill level 8 in Axes
  4055 | D:5      | Found a runed door.
  4259 | D:5      | Found a glowing silver altar of Zin.
  4580 | D:5      | Noticed Crazy Yiuf
  4585 | D:5      | Killed Crazy Yiuf
  4780 | D:6      | Reached skill level 9 in Axes
  4814 | D:6      | Reached XP level 9. HP: 55/55 MP: 9/9
  4908 | D:6      | Got a warped chain mail
  4919 | D:6      | Identified the +2 chain mail "Xueti" {+Fly Str+3 Dex-4} (You found it on level 6 of the Dungeon)
  4961 | D:6      | Found a shadowy altar of Dithmenos.
  5775 | D:6      | Reached ***** piety under Qazlal
  5775 | D:6      | Reached skill level 10 in Axes
  6306 | D:7      | Reached skill level 11 in Axes
  6477 | D:8      | Reached XP level 10. HP: 54/61 MP: 10/10
  6538 | D:8      | Found a stormy altar of Qazlal.
  6733 | D:8      | Reached skill level 5 in Armour
  6752 | D:8      | Got a fine rapier
  6881 | D:8      | Noticed sscrono2's ghost (novice OpAs)
  6902 | D:8      | Killed sscrono2's ghost
  6912 | D:8      | Reached skill level 12 in Axes
  7027 | D:8      | Noticed a two-headed ogre
  7040 | D:8      | Killed a two-headed ogre
  7457 | D:9      | Found a staircase to the Lair.
  7508 | D:9      | Reached XP level 11. HP: 63/68 MP: 11/11
  7595 | D:9      | Found a bloodstained altar of Trog.
  7596 | D:9      | Found a shattered altar of Ashenzari.
  7603 | D:9      | Reached skill level 13 in Axes
  7604 | D:9      | Found a sacrificial altar of Ru.
  7604 | D:9      | Found a blossoming altar of Fedhas.
  7608 | D:9      | Noticed a two-headed ogre
  7618 | D:9      | Killed a two-headed ogre
  7750 | D:9      | Found a hazy altar of Hepliaklqana.
  7982 | D:10     | Entered Level 10 of the Dungeon
  8086 | D:10     | Noticed howech's ghost (journeyman DDFi)
  8211 | D:10     | Killed howech's ghost
  8390 | D:10     | Reached skill level 14 in Axes
  8392 | D:10     | Noticed a two-headed ogre
  8403 | D:10     | Reached ****** piety under Qazlal
  8415 | D:10     | Killed a two-headed ogre
  8767 | D:11     | Found Uruofud's Gadget Shop.
  8783 | D:11     | Noticed Urug
  8811 | D:11     | Killed Urug
  8813 | D:11     | Noticed a cyclops
  8822 | D:11     | Killed a cyclops
  8822 | D:11     | Reached XP level 12. HP: 12/75 MP: 12/12
  8863 | D:11     | Identified the +3 rapier "Koec" {flame, rF+ Int+7} (You found it on level 8 of the Dungeon)
  8962 | D:11     | HP: 3/75 [manticore (2)]
  9231 | D:11     | Found Nez Soty's Food Boutique.
  9291 | D:11     | Noticed a two-headed ogre
  9296 | D:11     | Killed a two-headed ogre
  9417 | D:11     | Reached skill level 15 in Axes
  9730 | D:12     | Noticed Harold
  9759 | D:12     | Killed Harold
  9867 | D:12     | Found a staircase to the Orcish Mines.
  9868 | D:12     | Found a deep blue altar of Sif Muna.
  9948 | D:12     | Found a labyrinth entrance.
  9972 | Lab      | Entered a labyrinth
 10323 | Lab      | Noticed a minotaur
 10345 | Lab      | Killed a minotaur
 11019 | D:12     | Identified Sif Muna's Disquisition on Weightlessness
 11156 | D:13     | Noticed a two-headed ogre
 11163 | D:13     | Killed a two-headed ogre
 11163 | D:13     | Reached skill level 10 in Fighting
 11163 | D:13     | Reached skill level 16 in Axes
 11163 | D:13     | Reached XP level 13. HP: 73/82 MP: 13/13
 11241 | D:13     | Found a frozen archway.
 11251 | IceCv    | Entered an ice cave
 11354 | IceCv    | Got a faintly glowing scale mail
 11365 | IceCv    | Identified the cursed +1 scale mail of the King of the Hill {MP+9 Int+2 Dex+3} (You found it in an ice cave)
 12195 | IceCv    | Noticed a frost giant
 12223 | IceCv    | Killed a frost giant
 12681 | Temple   | Entered the Ecumenical Temple
 12795 | Lair:1   | Entered Level 1 of the Lair of Beasts
 12915 | Lair:1   | Found a white marble altar of Elyvilon.
 12928 | Lair:1   | Noticed Godling's ghost (novice DgAs)
 12940 | Lair:1   | Killed Godling's ghost
 13159 | Lair:1   | Reached skill level 17 in Axes
 13815 | Lair:2   | Found a white marble altar of Elyvilon.
 14323 | Lair:3   | Gained mutation: Your large and strong wings let you fly indefinitely. [Gargoyle growth]
 14323 | Lair:3   | Reached XP level 14. HP: 85/90 MP: 14/14
 14890 | Lair:3   | Found a staircase to the Swamp.
 15669 | Lair:4   | Found a hole to the Spider Nest.
 15808 | Lair:4   | You fall through a shaft for 2 floors!
 15808 | Lair:6   | Entered Level 6 of the Lair of Beasts
 15851 | Lair:6   | Reached skill level 18 in Axes
 15898 | Lair:6   | Reached skill level 10 in Armour
 15913 | Lair:6   | Noticed Nessos
 15941 | Lair:6   | Killed Nessos
 16132 | Lair:6   | Got an ancient glass ring
 16134 | Lair:6   | Identified the ring of Day {Dex+4 Stlth-} (You found it on level 6 of the Lair of Beasts)
 16310 | Lair:6   | Reached XP level 15. HP: 43/97 MP: 15/15
 16535 | Lair:6   | Found a runed door.
 16535 | Lair:6   | Found a viscous altar of Jiyva.
 16540 | Lair:6   | Found a staircase to the Slime Pits.
 16966 | Lair:5   | Got a faintly glowing triple sword
 16967 | Lair:5   | Identified the +5 triple sword of Beyond {vamp, rC+} (You found it on level 5 of the Lair of Beasts)
 17723 | Orc:1    | Entered Level 1 of the Orcish Mines
 17723 | Orc:1    | Noticed Nergalle
 17784 | Orc:1    | Killed Nergalle
 17943 | Orc:1    | Found a bloodstained altar of Trog.
 18318 | Orc:1    | Reached skill level 19 in Axes
 18384 | Orc:2    | Entered Level 2 of the Orcish Mines
 18620 | Orc:2    | Found Usollef's General Store.
 18734 | Orc:2    | Found Mutae's General Store.
 18903 | Orc:2    | Noticed an orc warlord
 18955 | Orc:2    | Killed an orc warlord
 19066 | Orc:2    | Gained mutation: You tend to lose your temper in combat. [a neqoxec]
 19073 | Orc:2    | Gained mutation: You are dopey. (Int -2) [a neqoxec]
 19158 | Orc:2    | Paralysed by an orc sorcerer for 2 turns
 19279 | Orc:2    | Found Firagad's Antique Weapon Boutique.
 19279 | Orc:2    | Found a one-way gate leading to the halls of Pandemonium.
 19279 | Orc:2    | Found Luropt's Book Shop.
 19382 | Orc:2    | Found a staircase to the Elven Halls.
 19535 | Orc:2    | Reached XP level 16. HP: 54/105 MP: 16/16
 20910 | Spider:1 | Entered Level 1 of the Spider Nest
 20916 | Spider:1 | Noticed KKCryptic's ghost (journeyman MiBe)
 20917 | Spider:1 | Noticed Kirke
 20929 | Lair:4   | Slain by a wolf spider

Skill      XL: |  1  2  3  4  5  6  7  8  9 10 11 12 13 14 15 16 |
---------------+-------------------------------------------------+-----
Axes           | 3 4 5 6 7 9 11 12 14 16 17 18 19 | 19.9
Fighting       | 4 5 6 7 8 10 11 12 13 14 | 14.1
Armour         | 1 2 3 4 5 6 7 9 10 11 | 11.1
Dodging        | |  2.4
Stealth        | |  2.1
Invocations    | |  0.9
Evocations     | |  0.6

Action                   |  1- 3 |  4- 6 |  7- 9 | 10-12 | 13-15 | 16-18 || total
-------------------------+-------+-------+-------+-------+-------+-------++-------
Melee: Hand axe          |   111 |   179 |       |       |       |       ||   290
       War axe           |       |    14 |   357 |   829 |   310 |       ||  1510
       Battleaxe         |       |       |       |       |   823 |   116 ||   939
Throw: Javelin           |       |       |       |     4 |       |       ||     4
Invok: Upheaval          |       |       |       |       |     3 |       ||     3
 Abil: Evoke Flight      |       |       |       |     1 |       |       ||     1
Evoke: Lamp of fire      |       |       |       |     1 |       |       ||     1
  Use: Scroll            |       |     5 |     4 |    13 |    10 |       ||    32
       Potion            |       |       |     1 |     4 |     2 |       ||     7
 Stab: Sleeping          |     1 |     1 |       |       |       |       ||     2
  Eat: Chunk             |     1 |     5 |    13 |    40 |    18 |     5 ||    82
       Fruit             |       |       |       |       |     1 |       ||     1
Armor: Robe              |     8 |       |       |       |       |       ||     8
       Ring mail         |    42 |    45 |    55 |       |       |       ||   142
       Chain mail        |       |       |   104 |   329 |   412 |    56 ||   901
       Skin              |       |       |       |     2 |       |       ||     2
       Scale mail        |       |       |       |       |    77 |       ||    77
Dodge: Dodged            |    77 |   130 |   242 |   293 |   517 |    54 ||  1313
       Deflected         |       |       |     1 |     4 |    14 |       ||    19
Block: Other             |       |    24 |   111 |   230 |   323 |    61 ||   749
